 Dungeon Crawl Stone Soup version 0.17-a0-1481-gfdcec5c (webtiles) character file.

224 Parakulo the Covert (level 6, -7/41 HPs)
             Began as an Octopode Assassin on July 4, 2015.
             Mangled by a gnoll
             ... wielding a +0 whip
              (8 damage)
             ... on level 3 of the Dungeon.
             The game lasted 00:07:59 (2801 turns).

Parakulo the Covert (Octopode Assassin)             Turns: 2801, Time: 00:07:59

Health: -7/41      AC:  3    Str: 11    XL:     6   Next: 0%
Magic:  6/6        EV:  6    Int: 13    God:
Gold:   134        SH:  0    Dex: 15    Spells: 0 memorised, 5 levels left

rFire  . . .     SeeInvis .     E - +2 short sword (venom)
rCold  . . .     Clarity  .     (no shield)
rNeg   . . .     SustAt   .     w - +2 hat
rPois  .         Gourm    .     (no amulet)
rElec  .         Spirit   .     (no ring)
rCorr  .         Warding  .     (no ring)
rMut   .         Stasis   .     (no ring)
MR     .....                    (no ring)
Stlth  ++++++....               (no ring)
                                (no ring)
                                (no ring)
                                (no ring)

@: held, not resistant to hostile enchantments, very stealthy
A: almost no armour, amphibious, 8 rings, constrict 8, camouflage 1, gelatinous
body 1
a: no special abilities


You were on level 3 of the Dungeon.
You were not hungry.

You visited 1 branch of the dungeon, and saw 4 of its levels.

You collected 134 gold pieces.

Inventory:

Hand weapons
 a - a +2 dagger
 b - a +0 blowgun
 g - a +2 spear of piercing
 z - a +3 dagger
 E - a +2 short sword of venom (weapon)
Missiles
 c - 6 poisoned needles
 d - 2 curare-tipped needles
 t - 7 needles of slowing
 y - 11 javelins (quivered)
Armour
 w - a +2 hat (worn)
Jewellery
 f - an uncursed amulet of guardian spirit
 o - an uncursed ring of sustain attributes
Scrolls
 i - a scroll of blinking {unknown}
 k - a scroll of recharging {unknown}
 n - a scroll of fog {unknown}
 r - a scroll of magic mapping {unknown}
 u - 4 scrolls of identify {unknown}
 v - 2 scrolls of teleportation {unknown}
 D - 3 scrolls of immolation {unknown}
Potions
 h - a potion of ambrosia {unknown}
 j - 2 potions of heal wounds
 m - a potion of lignification {unknown}
 p - a potion of haste {unknown}
 s - a potion of agility {unknown}
 x - 2 potions of curing {unknown}
 A - a potion of invisibility {unknown}
 B - 2 potions of flight {unknown}
Comestibles
 e - 3 bread rations
 l - a beef jerky
 q - 2 meat rations
 F - a fruit


   Skills:
 + Level 2.6 Fighting
 + Level 2.8 Short Blades
 - Level 0.2 Polearms
 - Level 2.0 Throwing
 - Level 1.0 Dodging
 + Level 8.9 Stealth


You had 5 spell levels left.
You didn't know any spells.

Dungeon Overview and Level Annotations

Branches:
Dungeon (4/15)
 Temple: D:4-7

Altars:
Qazlal


Innate Abilities, Weirdness & Mutations

You cannot wear most types of armour.
You are amphibious.
You can wear up to eight rings at the same time.
You can use your tentacles to constrict eight enemies at once.
Your skin changes colour to match your surroundings (Stealth).
Your rubbery body absorbs attacks (AC +1).


Message History

You have reached level 6!
Your experience leads to an increase in your attributes!
Increase (S)trength, (I)ntelligence, or (D)exterity?
You feel agile.
You hit the gnoll.
The gnoll is poisoned.
Your grab misses the gnoll. Your squeeze misses the gnoll.
The gnoll is lightly wounded.
The gnoll throws a throwing net.
The throwing net hits you.
You become entangled in the net!
The gnoll barely misses you.
You are held in a net!
You are held in a net!
You are held in a net!
You struggle against the net.
The gnoll hits you with a whip.
You try to slip out of the net.
The gnoll hits you with a flail!
* * * LOW HITPOINT WARNING * * *
The gnoll barely misses you.
You try to slip out of the net.
The gnoll hits you with a flail.
* * * LOW HITPOINT WARNING * * *
The gnoll hits you with a whip!
You die...

#..#.#....#..#..........
#..#.#..........#.#####.
#..#.#.##.#..##.#.# #.
#.......#.#..##.# ####.
##........>....... .....
#.#)##.#...............
###.#.##.................
#........g...............
###.####@#.#.......(.....
#.# #g#.#.............
#.# #.#.#.............
#.# #.#.........##.##.
#.# #.#.#.............
#.# #.#.#)..#.........
#.# #.#.#.......##.##.
#.# #.#.#...#...##.##(
#.# #.................


You could see 2 gnolls.

Vanquished Creatures
  3 orc priests (D:3)
  5 adders
  2 gnolls (D:3)
  A worm (D:3)
  3 giant geckos
  6 orcs (D:3)
  3 giant cockroaches
  7 hobgoblins
  3 jackals (D:3)
  6 bats
  2 giant newts
  4 goblins
  8 kobolds
  A quokka (D:3)
  7 rats
61 creatures vanquished.

Notes
Turn   | Place    | Note
--------------------------------------------------------------
     0 | D:1      | Parakulo the Octopode Assassin began the quest for the Orb.
     0 | D:1      | Reached XP level 1. HP: 14/14 MP: 1/1
   117 | D:1      | Reached XP level 2. HP: 19/19 MP: 2/2
   428 | D:1      | Reached skill level 6 in Stealth
  1005 | D:2      | Reached XP level 3. HP: 6/24 MP: 3/3
  1329 | D:2      | Reached skill level 7 in Stealth
  1614 | D:2      | Reached XP level 4. HP: 22/29 MP: 4/4
  1838 | D:2      | Found a stormy altar of Qazlal.
  2292 | D:3      | Reached skill level 8 in Stealth
  2292 | D:3      | Reached XP level 5. HP: 30/35 MP: 5/5
  2797 | D:3      | Reached XP level 6. HP: 18/41 MP: 6/6
  2800 | D:3      | HP: 2/41 [gnoll/flail (12)]
  2801 | D:3      | Mangled by a gnoll

Vault maps used:
D:1:      dpeg_arrival_chambers_temple_mockup
D:2:      kennysheep_big_flooded_room, lemuel_crystal_altar, first_bread
D:3:      nicolae_underground_beach
D:4:      st_stairs_3, uniq_natasha

Action                   |  1- 3 |  4- 6 || total
-------------------------+-------+-------++-------
Melee: Dagger            |    64 |    54 ||   118
       Spear             |     4 |       ||     4
       Short sword       |       |     6 ||     6
 Fire: Blowgun           |     9 |     4 ||    13
Throw: Javelin           |       |     1 ||     1
  Use: Potion            |       |     1 ||     1
 Stab: Sleeping          |    11 |     9 ||    20
       Distracted        |     1 |       ||     1
  Eat: Chunk             |     2 |     4 ||     6
